[Event "Early-Titled-Tuesday-Blitz-February-27-2024"]
[Site "Chess.com"]
[Date "2024.02.27"]
[Round "2"]
[White "ReinisUz"]
[Black "KononenkoD"]
[Result "0-1"]
[WhiteElo "2388"]
[BlackElo "2622"]
[TimeControl "180+1"]
[EndTime "8:19:14 PST"]
[Termination "KononenkoD won by resignation"]

1. c4 c5 2. Nc3 Nc6 3. g3 g6 4. Bg2 Bg7 5. e4 e6 6. Nge2 Nge7 7. O-O O-O 8. d3 d6 9. Be3 Bd7 10. Rb1 Rb8 11. a3 a6 12. b4 cxb4 13. axb4 b5 14.
cxb5 axb5 15. d4 d5 16. e5 Nc8 17. Qd3 N6e7 18. Bg5 Nb6 19. Nxb5 Bxb5 20. Qxb5 Nc4 21.
Qa4 h6 22. Bc1 Nc8 23. Qd1 Ra8 24. Nc3 N8b6 25. Qd3 Qd7 26. h4 h5 27. Bg5 Ra3 28.
Bc1 Ra7 29. Ne2 Rfa8 30. Nf4 Ra2 31. Nh3 Qa4 32. Ng5 Qc2 33. Qxc2 Rxc2 34. b5 Raa2 35.
Nh3 Bf8 36. Bf3 Rc3 37. Bd1 Ba3 38. Bb3 Re2 39. Bxa3 Nxa3 40. Bd1 Rd2 41. Ra1 Rxd4 42. Nf4 Rxf4 43. gxf4 d4 44. Kg2 d3 45. Kf3 Nxb5 46.
Rb1 d2+ 47. Ke2 Nd4+ 48. Kxd2 Nd5 49. Rb8+ Kg7 50. Rg1 Rh3 51. Rg3 Rxh4 52. Ra8 Rxf4 53. Raa3 Nf5 54. Rgf3 Rd4+ 55. Ke1 Nf4 56. Bc2 Nd5 57.
Bxf5 exf5 58. Ra7 Re4+ 59. Kf1 Rxe5 60. Rb3 Re7 61. Ra5 Nf4 62. Kg1 Ne6 63. Rb6 Rd7 64. Raa6 Kf6 65. Kg2 h4 66. Ra3 g5 67. Kf3 g4+ 68.
Kg2 Kg5 69. Raa6 Nf4+ 70. Kf1 Rd2 71. Ke1 Re2+ 72. Kf1 h3 73. Rh6 Rb2 74. Ke1 Nd3+ 75. Kd1 Rxf2 76. Rad6 Ne5 77. Rh8 Nf3 78. Rdd8 Kf4 79.
Rd4+ Kg3 80. Rd3 h2 81. Ra3 Rf1+ 82. Ke2 h1=Q 83. Rxh1 Rxh1 0-1

[Event "Early-Titled-Tuesday-Blitz-February-27-2024"]
[Site "Chess.com"]
[Date "2024.02.27"]
[Round "2"]
[White "Juwen"]
[Black "KuzubovYuriy"]
[Result "0-1"]
[WhiteElo "2616"]
[BlackElo "2955"]
[TimeControl "180+1"]
[EndTime "8:19:15 PST"]
[Termination "KuzubovYuriy won on time"]

1. e4 e5 2. Nf3 Nf6 3. Nxe5 d6 4. Nf3 Nxe4 5. Qe2 Qe7 6. d3 Nf6 7. Nc3 Nbd7 8. Bg5 h6 9. Bh4 Qxe2+ 10. Bxe2 Be7 11.
O-O-O Kd8 12. h3 Re8 13. Rhe1 Nb6 14. d4 Nh5 15. Bxe7+ Rxe7 16. Bf1 Bd7 17. g3 Bc6 18. Nh4 g6 19. Bg2 Bxg2 20. Nxg2 Kd7 21. Rxe7+ Kxe7 22.
Re1+ Kd7 23. b3 Rf8 24. Kd2 g5 25. h4 g4 26. Ne2 Nd5 27. c4 Ndf6 28. Nef4 Ng7 29.
Kd3 c6 30. Ne3 Ne6 31. Neg2 a5 32. Rf1 Rg8 33. f3 Ke7 34. fxg4 Nxg4 35. Nh5 Ng7 36. Re1+ Kd7 37. Ngf4 Nf5 38. Rf1 Ne7 39. Re1 b5 40.
Rf1 bxc4+ 41. bxc4 Rb8 42. Ne2 f5 43. Ng7 Rb2 44.
Nxf5 Rxa2 45. Nxe7 Kxe7 46. Nc3 Rg2 47. Ne2 Rf2 48.
Ra1 Rf3+ 49. Kd2 Nf6 50. Rxa5 Ne4+ 51. Kd1 Nxg3 52. Nxg3 Rxg3 53. Rh5 Rg4 54. d5 c5 55. Rxh6 Rxc4 56. Rh5 Rd4+ 57. Kc2 Kf6 58. Kc3 Kg6 59.
Rg5+ Kh6 60. Rf5 Kg6 61. Rg5+ Kf6 62. Rh5 Rg4 63. Kd3 Rf4 64. Kc3 Rf5 65. Rh6+ Ke5 66. Kc4 Rf4+ 67. Kc3 Kxd5 68. h5 Rh4 69. Rh8 Rh3+ 70.
Kc2 Kd4 71. h6 d5 72. h7 c4 73. Kd2 Rh2+ 74. Ke1 Kd3 75. Rd8 Rh1+ 76. Kf2 Rxh7 77. Rxd5+ Kc2 78. Ke2 Re7+ 79. Kf3 c3 80. Rb5 Kd1 81.
Rd5+ Kc1 82. Rh5 c2 83. Rh1+ Kb2 0-1

[Event "Early-Titled-Tuesday-Blitz-February-27-2024"]
[Site "Chess.com"]
[Date "2024.02.27"]
[Round "2"]
[White "RantomOpening"]
[Black "Janosik"]
[Result "1/2-1/2"]
[WhiteElo "2592"]
[BlackElo "2847"]
[TimeControl "180+1"]
[EndTime "8:19:18 PST"]
[Termination "Game drawn by repetition"]

1. c4 e6 2. Nf3 d5 3. e3 Nf6 4. Nc3 Be7 5. b3 c6 6. Bb2 Nbd7 7. d4 O-O 8. Be2 b6 9. O-O Bb7 10. Qc2 Re8 11. Rad1 Rc8 12. e4 dxe4 13. Nxe4 Nxe4 14.
Qxe4 Nf6 15. Qc2 Qc7 16. c5 Red8 17. Ne5 Nd5 18. a3 a5 19. Bf3 Ba6 20. Rfe1 Bf6 21. Ng4 Be7 22. Ne5 Bf6 23. Ng4 Bg5 24. g3 Be7 25.
Ne5 Bf8 26. Bh5 g6 27. Bf3 Bg7 28.
Nc4 Bxc4 29. bxc4 Ne7 30. cxb6 Qxb6 31. c5 Qa6 32. Be2 Qa7 33. Qa4 Qc7 34. Bc3 Ra8 35.
Bf3 Nd5 36. Bd2 h5 37. h4 Qd7 38. Bg5 Rdb8 39. Qc4 Rb2 40. Rb1 Rab8 41. Qd3 Bxd4 42.
Rxb2 Bxb2 43. Rb1 Be5 44. Rxb8+ Bxb8 45. Qa6 Be5 46. Qxa5 Qb7 47. Qd8+ Kg7 48. Bxd5 exd5 49. Be7 Qb8 50. Bf6+ Kh7 51. Qxb8 Bxb8 52. a4 Bc7 53. Kg2 Ba5 54. Kf3 Kg8 55. Ke2 Kf8 56. Kd3 Ke8 57.
Bc3 Bc7 58. a5 Kd7 59. a6 Kc8 60. f4 Kb8 61. Ke3 Ka7 62. Kf3 f5 63. Ke3 Kxa6 64.
Be5 Bd8 65. Bd6 Kb5 66. Kd4 Bf6+ 67. Be5 Bd8 68. Bd6 Bf6+ 69. Be5 Be7 70. Bd6 Bd8 71. Be5 Ba5 72. Bd6 Be1 73. Ke5 Bxg3 74. Kf6 Bxh4+ 75. Kxg6 Bf2 76. Kxf5 Bxc5 77. Bxc5 Kxc5 78. Ke5 h4 79. f5 h3 80. f6 h2 81. f7 h1=Q 82.
f8=Q+ Kc4 83. Qa8 Qe4+ 84. Kd6 d4 85. Qa4+ Kd3 86. Qd1+ Ke3 87. Qe1+ Kf3 88. Qh1+ Ke3 89.
Qe1+ Kf4 90. Qh4+ Kf5 91. Qh7+ Kf4 92. Qh4+ Ke3 93. Qe1+ 1/2-1/2

[Event "Early-Titled-Tuesday-Blitz-February-27-2024"]
[Site "Chess.com"]
[Date "2024.02.27"]
[Round "2"]
[White "CarlosjPineror"]
[Black "dealshark"]
[Result "1/2-1/2"]
[WhiteElo "2573"]
[BlackElo "2373"]
[TimeControl "180+1"]
[EndTime "8:20:09 PST"]
[Termination "Game drawn - insufficient material"]

1. e4 c6 2. d3 d5 3. Nd2 dxe4 4. dxe4 Nd7 5. Ngf3 e6 6. c3 Be7 7.
Be2 Ngf6 8. O-O O-O 9. Qc2 b6 10. Rd1 Qc7 11. Nf1 Bb7 12. Ng3 Rfd8 13. b3 c5 14. Bb2 Bd6 15. Bd3 Ne5 16. Nxe5 Bxe5 17. Qe2 Rd7 18. f3 Bxg3 19. hxg3 Qxg3 20. c4 Nh5 21.
Qf2 Qxf2+ 22. Kxf2 Nf4 23. Bf1 Rad8 24. Rxd7 Rxd7 25. Ke3 Ng6 26. g3 f6 27. Bc3 Kf7 28.
a3 h5 29. Be2 h4 30. Rg1 hxg3 31. Rxg3 e5 32. Rg1 Nf4 33. Rc1 Bc8 34. Bf1 Rd8 35. b4 Be6 36. bxc5 bxc5 37. Rb1 Bh3 38. Be2 Rd7 39.
Rb5 Rc7 40. Ba5 Rd7 41. Rxc5 Ne6 42. Rd5 Nf4 43. Rxd7+ Bxd7 44. Bf1 Ba4 45. c5 Ke7 46. Bc4 Kd7 47. Bd5 Bc6 48. Bf7 Bb5 49. Bb4 a6 50. Kd2 Ne6 51. Ke3 Nd4 52. Bd5 Bc6 53.
Bc3 Nc2+ 54. Kd2 Nxa3 55. Bg8 Nb5 56. Ba5 Nd4 57. Ke3 Bb5 58. Bb6 g6 59. Bf7 g5 60.
Bh5 Ke6 61. Bg4+ Ke7 62. Bc8 Bd7 63. Bb7 a5 64. Bxa5 Nc2+ 65. Kf2 Nd4 66. Bc7 Bc6 67.
Bd6+ Kd7 68. Ba6 Bb5 69. Bb7 Bc6 70. Bxc6+ Nxc6 71. Kg3 Ke6 72. Bf8 Nd4 73. Kg4 Kf7 74. Bd6 Kg6 75. Kg3 Kf7 76. Kf2 Ke6 77. Ke3 Kd7 78. Kd3 Kc6 79. Ke3 Kd7 80. Kf2 Ke6 81.
Kg2 Kf7 82. Bc7 Ne6 83. Bb6 Nd4 84. Ba5 Ke6 85. Bc3 f5 86. exf5+ Kxf5 87. Bd2 Ke6 88. Bxg5 Kd5 89. Bf6 Kxc5 90. Bxe5 Ne6 91. Kg3 Kd5 92. Bf6 Kd6 93. Kg4 Nc7 94. Kf5 Kd7 95.
Be5 Ne8 96. Kg6 Ke6 97. f4 Ke7 98. f5 Kf8 99. Kg5 Ke7 100. Kf4 Nf6 101. Bxf6+ Kxf6 102. Ke4 Kf7 103. Ke5 Ke7 104. Kf4 Kf6 105. Kg4 Kf7 106.
Kg5 Kg7 107. f6+ Kf7 108. Kf5 Kf8 109. Ke5 Kf7 110. Kf5 Kf8 111. Kg5 Kf7 112. Kf4 Kxf6 1/2-1/2

[Event "Early-Titled-Tuesday-Blitz-February-27-2024"]
[Site "Chess.com"]
[Date "2024.02.27"]
[Round "2"]
[White "kids2010"]
[Black "MessiKingdom"]
[Result "1/2-1/2"]
[WhiteElo "2900"]
[BlackElo "2613"]
[TimeControl "180+1"]
[EndTime "8:20:26 PST"]
[Termination "Game drawn by agreement"]

1. e4 c6 2. d4 d5 3. exd5 cxd5 4.
Bd3 Nc6 5. c3 Nf6 6. Bf4 Bg4 7.
Qb3 Qd7 8. Nd2 e6 9. Ngf3 Bd6 10. Bxd6 Qxd6 11. O-O O-O 12. Rae1 Ne7 13. Ne5 Bf5 14. Qc2 h5 15. f3 Rac8 16. Bxf5 Nxf5 17. Qd3 h4 18. f4 b5 19. a3 a5 20. Nb3 b4 21.
axb4 axb4 22. Nc5 Rxc5 23. dxc5 Qxc5+ 24. Kh1 Ne4 25. Qf3 Qd6 26. Rd1 bxc3 27. bxc3 f6 28. Ng4 Rc8 29. Ne3 Rxc3 30. Nxf5 Rxf3 31. Nxd6 Rxf1+ 32. Rxf1 Nxd6 33. g3 hxg3 34. hxg3 Ne4 35.
Kg2 Kf7 36. Ra1 Kg6 37. Kf3 f5 38. Ra6 Kf6 39. Ra8 g5 40. Rf8+ Kg7 41. Ra8 Kf6 42. Rh8 g4+ 43. Kg2 Ke7 44. Ra8 Kd6 45. Ra6+ Kd7 46. Ra3 Kd6 47. Kf1 d4 48. Ke2 Kd5 49.
Kd3 Nxg3 50. Ra5+ Kd6 51. Kxd4 Ne2+ 52. Ke3 Nc3 53. Ra6+ Ke7 54. Kd4 Nd5 55. Ke5 Nc7 56.
Ra7 Kd7 57. Rb7 Kc6 58. Rb1 Kd7 59. Rd1+ Nd5 60. Rh1 Ke7 61. Rh7+ Kd8 62. Kxe6 Nxf4+ 63. Kxf5 Nd5 64. Rg7 Ne7+ 65. Ke6 Nc8 66. Rd7+ Ke8 67. Rc7 Kd8 68. Rg7 Nb6 69. Kd6 Nc8+ 70. Kc6 Ne7+ 71.
Kd6 Nc8+ 72. Ke5 g3 73. Rxg3 Nb6 74. Rh3 Kc7 75. Rh7+ Kc6 76. Ke4 Kc5 77. Rh6 Nc4 78.
Rh8 Nd6+ 79. Ke5 Nc4+ 80. Kf4 Kd4 81. Rd8+ Kc5 82. Kf3 Nd6 83. Ke2 Kd5 84. Kd3 Ke5 85.
Ra8 Kd5 86. Ra5+ Kc6 87. Kd4 Nb5+ 88. Kc4 Nd6+ 89. Kb4 Kb6 90. Rh5 Kc6 91. Rh6 Kd5 92.
Kc3 Kc5 93. Rh5+ Kc6 94. Kd4 Nb5+ 95. Ke5 Kc5 96. Rh1 Nd6 97. Rc1+ Nc4+ 98. Ke4 Kb4 99. Kd4 Nb2 100. Rc8 Na4 101. Rb8+ Ka5 102. Kd5 Nb6+ 103. Kc6 Na4 104. Rb7 Nc3 105. Rb3 Na4 106. Rb1 Nc3 107. Rb2 Na4 108. Rb3 Ka6 109. Rb5 Nc3 110. Rb4 Ka5 111. Rc4 Na4 112. Re4 Nc3 113. Re8 Kb4 114. Rb8+ Kc4 1/2-1/2

[Event "Early-Titled-Tuesday-Blitz-February-27-2024"]
[Site "Chess.com"]
[Date "2024.02.27"]
[Round "2"]
[White "TigrVShlyape"]
[Black "marcodobrikov"]
[Result "1/2-1/2"]
[WhiteElo "2872"]
[BlackElo "2603"]
[TimeControl "180+1"]
[EndTime "8:20:28 PST"]
[Termination "Game drawn by repetition"]

1. d4 Nf6 2. Bf4 d6 3. Nf3 g6 4.
h3 Bg7 5. c3 O-O 6. Nbd2 Nbd7 7. e4 Re8 8. e5 Nd5 9. Bh2 dxe5 10. dxe5 Nc5 11. Nb3 Nxb3 12. axb3 c6 13. Bc4 Nb6 14.
Qxd8 Rxd8 15. Be2 Be6 16. b4 a6 17. Nd4 Bc4 18. f4 e6 19. Kf2 Bf8 20. Rhd1 c5 21.
bxc5 Bxc5 22. Bf3 Bxd4+ 23. Rxd4 Rxd4 24. cxd4 Bd5 25. Be2 Rc8 26. Bd3 Kf8 27. g4 Ke7 28. Bg3 Kd7 29. Bh4 Nc4 30. Rb1 Nd2 31. Rd1 Nb3 32.
Ke3 Nc1 33. Bf1 Na2 34. Bd3 Nb4 35. Be1 Nxd3 36. Kxd3 Bg2 37. Bc3 Bxh3 38. g5 Bf5+ 39. Ke3 Bg4 40. Rh1 Bh5 41. Ra1 Kc6 42. Ra5 Kb6 43.
d5 exd5 44. Rxd5 Bg4 45. Rd6+ Ka7 46. Bd4+ Kb8 47. Bb6 Be6 48. Rd8 Rxd8 49. Bxd8 Ka7 50. Kd4 b6 51. Bc7 Kb7 52. Bd8 Kc6 53. Kc3 a5 54.
Kd4 Kb5 55. Kc3 Kc5 56. Bc7 Bf5 57. Bd8 a4 58. Bc7 b5 59. Bd6+ Kd5 60. Kb4 Bd7 61. Bc7 Ke4 62. Kc5 Be6 63. Kxb5 Kxf4 64. Bd8 Bd7+ 65.
Kc5 Kxe5 66. Bf6+ Kf5 67. Bd8 Be6 68. Kd4 Bb3 69. Ke3 Kg4 70. Kf2 Kh5 71. Kg3 h6 72.
Kf4 hxg5+ 73. Bxg5 Bc2 74. Bf6 Kh6 75. Bg5+ Kh7 76. Ke5 Kg7 77. Bf6+ Kh6 78. Kf4 Kh5 79. Bg5 Bf5 80. Bf6 Kh6 81. Bg5+ Kg7 82. Ke5 Kf8 83. Bf6 Ke8 84. Kd6 Be6 85. Bg5 Bb3 86. Bf6 Kf8 87.
Bg5 f5 88. Ke5 Kf7 89. Kf4 Ke6 90. Bh4 Kd5 91. Bg5 Bc2 92. Bf6 Kc4 93. Bg7 Kb3 94.
Bf6 Bd3 95. Bg7 Kc2 96. Bf6 Kd2 97. Bg7 Ke2 98. Bf6 Kf2 99. Bg5 Kg2 100. Bf6 Kh3 101.
Bg5 Kg2 102. Bf6 Kf2 103. Bg5 Ke2 104. Bf6 Kd2 105. Bg7 Kc1 106. Bf6 Be4 107. Bg7 Kc2 108. Bf6 g5+ 109. Kxg5 Bd3 110. Kf4 Kb3 111. Bg7 Be4 112. Bf6 Bb1 113. Bg7 Kc4 114. Bf6 Kb4 115. Bg7 Kc5 116. Bf8+ Kd5 117. Bg7 Ke6 118. Bh8 Kf7 119. Bc3 Ke6 120. Bd4 Kd5 121. Bh8 Bc2 122. Bg7 Kc5 123. Bh8 Kc4 124. Bg7 Kb3 125. Bh8 Kb4 126. Bg7 Kc5 127. Bh8 Kd5 128. Bg7 Kc6 129. Bh8 Kd7 130. Bg7 Ke6 131. Bh8 Kf7 132. Bc3 Bb1 133. Bd4 Kg6 134. Bc3 Kh5 135. Bd4 Bc2 136. Bc3 Kg6 137. Bd4 Kf7 138. Bc3 Ke6 139. Bd4 Kd5 140. Bc3 Kc4 141. Bh8 a3 142. bxa3 Kb5 143. Bg7 Ka4 144. Bf8 Bb1 145. Be7 Bc2 146. Bf8 Bd3 147. Be7 Be4 148. Bf8 Bb1 149. Be7 Bc2 150. Bf8 1/2-1/2

[Event "Early-Titled-Tuesday-Blitz-February-27-2024"]
[Site "Chess.com"]
[Date "2024.02.27"]
[Round "3"]
[White "Cheer_Down"]
[Black "hmatyi07"]
[Result "1/2-1/2"]
[WhiteElo "2492"]
[BlackElo "2312"]
[TimeControl "180+1"]
[EndTime "8:22:07 PST"]
[Termination "Game drawn by repetition"]

1. e4 c5 2. Nf3 e6 3. d4 cxd4 4. Nxd4 Nf6 5. Nc3 Nc6 6. Bf4 Bc5 7. Ndb5 O-O 8. Bd6 Qb6 9. Bxc5 Qxc5 10. Qd6 Qb6 11.
Qc7 Qc5 12. Qd6 Qb6 13. Qc7 Qc5 14.
Qd6 1/2-1/2

[Event "Early-Titled-Tuesday-Blitz-February-27-2024"]
[Site "Chess.com"]
[Date "2024.02.27"]
[Round "3"]
[White "yosephtaher"]
[Black "Hongjin"]
[Result "1-0"]
[WhiteElo "2932"]
[BlackElo "2699"]
[TimeControl "180+1"]
[EndTime "8:22:21 PST"]
[Termination "yosephtaher won by resignation"]

1. d4 d5 2. Nc3 Nf6 3. Bf4 e6 4. Nb5 Bb4+ 5. c3 Ba5 6. a4 a6 7.
b4 Bxb4 8. cxb4 axb5 9. axb5 Rxa1 10. Qxa1 O-O 11. e3 Qe7 12. Qb2 Nh5 13. Bg3 c6 14. Bxb8 1-0

[Event "Early-Titled-Tuesday-Blitz-February-27-2024"]
[Site "Chess.com"]
[Date "2024.02.27"]
[Round "3"]
[White "LiadCuba"]
[Black "Jamal-Jamal-Jamal"]
[Result "1-0"]
[WhiteElo "2496"]
[BlackElo "2265"]
[TimeControl "180+1"]
[EndTime "8:22:41 PST"]
[Termination "LiadCuba won by resignation"]

1. d4 Nf6 2. c4 e6 3. Nc3 Bb4 4. f3 Bxc3+ 5. bxc3 d5 6. cxd5 exd5 7. e3 O-O 8. Bd3 b6 9. Ne2 Ba6 10. Bxa6 Nxa6 11.
O-O Re8 12. Ng3 Qd7 13. Qd3 Nb8 14. e4 dxe4 15. fxe4 Nc6 16. Rxf6 gxf6 17. Nh5 Qe7 18. Qg3+ 1-0

[Event "Early-Titled-Tuesday-Blitz-February-27-2024"]
[Site "Chess.com"]
[Date "2024.02.27"]
[Round "3"]
[White "Supergiuly"]
[Black "ErikRonka"]
[Result "1-0"]
[WhiteElo "2320"]
[BlackElo "2546"]
[TimeControl "180+1"]
[EndTime "8:22:58 PST"]
[Termination "Supergiuly won by resignation"]

1. g3 a6 2. Bg2 h5 3. Nf3 h4 4.
Nxh4 Rxh4 5. gxh4 Nc6 6. d4 d5 7.
Nc3 Nf6 8. Bg5 e6 9. Qd2 b5 10. a3 Bd7 11. O-O Be7 12. e4 dxe4 13. Nxe4 Rb8 14.
Rfe1 Kf8 15. Qe2 Be8 16. Bxf6 gxf6 17. Qh5 Bd6 18. Qh6+ Kg8 19. Nxf6+ 1-0

[Event "Early-Titled-Tuesday-Blitz-February-27-2024"]
[Site "Chess.com"]
[Date "2024.02.27"]
[Round "3"]
[White "Predator0608"]
[Black "ilya2700"]
[Result "1-0"]
[WhiteElo "2586"]
[BlackElo "2367"]
[TimeControl "180+1"]
[EndTime "8:23:11 PST"]
[Termination "Predator0608 won by checkmate"]

1. f4 e6 2. Nf3 d5 3. g3 Bc5 4. Bg2 Nf6 5. d4 Bb6 6. O-O Nc6 7. c3 O-O 8. Ne5 Nxe5 9. fxe5 Nh5 10. g4 Nf6 11.
exf6 Qxf6 12. Rxf6 gxf6 13. Bh6 Re8 14. Qf1 c5 15.
Qxf6 Rf8 16. Qg7# 1-0

[Event "Early-Titled-Tuesday-Blitz-February-27-2024"]
[Site "Chess.com"]
[Date "2024.02.27"]
[Round "3"]
[White "Winner_7777"]
[Black "NtcPou"]
[Result "1-0"]
[WhiteElo "2540"]
[BlackElo "2001"]
[TimeControl "180+1"]
[EndTime "8:23:27 PST"]
[Termination "Winner_7777 won by resignation"]

1. d4 d5 2. c4 c6 3. Nc3 Nf6 4.
Nf3 a6 5. g3 b5 6. cxd5 cxd5 7.
Bg2 e6 8. O-O Bb7 9. Ne5 Be7 10.
Bf4 O-O 11. Rc1 Nbd7 12. a4 b4 13. Na2 Qa5 14. Nxd7 Nxd7 15. Rc7 e5 16. Rxd7 1-0

[Event "Early-Titled-Tuesday-Blitz-February-27-2024"]
[Site "Chess.com"]
[Date "2024.02.27"]
[Round "3"]
[White "Schachmalanders"]
[Black "FoxOnTheRun97"]
[Result "0-1"]
[WhiteElo "2465"]
[BlackElo "2663"]
[TimeControl "180+1"]
[EndTime "8:23:36 PST"]
[Termination "FoxOnTheRun97 won by resignation"]

1. e4 c6 2. Nf3 d5 3. exd5 cxd5 4.
Ne5 Nc6 5. Bb5 Bd7 6. Nxd7 Qxd7 7. O-O e6 8. d4 Bd6 9. c3 Nf6 10.
Nd2 O-O 11. f4 a6 12. Bd3 b5 13. Nf3 b4 14. Bd2 bxc3 15. bxc3 Qa7 16. Kh1 Rab8 17. Ne5 Ne7 18. f5 exf5 19. Bxf5 Nxf5 20. Rxf5 Ne4 21.
Nc6 Qd7 22. Nxb8 Qxf5 0-1

[Event "Early-Titled-Tuesday-Blitz-February-27-2024"]
[Site "Chess.com"]
[Date "2024.02.27"]
[Round "3"]
[White "Rosh1610"]
[Black "Alblooshi_Hamad"]
[Result "1-0"]
[WhiteElo "2416"]
[BlackElo "2163"]
[TimeControl "180+1"]
[EndTime "8:23:46 PST"]
[Termination "Rosh1610 won by resignation"]

1. Nf3 Nf6 2. g3 d5 3. d3 g6 4. Bg2 Bg7 5. Nbd2 Nbd7 6. O-O e5 7. e4 dxe4 8. dxe4 O-O 9. b3 Re8 10. Bb2 c6 11. Qe2 Qc7 12. Rad1 Nb6 13. a4 Bg4 14. h3 Bxf3 15. Qxf3 Rad8 16. a5 Nbd7 17. Nc4 b5 18. axb6 axb6 19. Bc3 b5 20. Ba5 Qb8 21.
Bxd8 bxc4 22. Bxf6 Nxf6 23. bxc4 Qb2 24. Qb3 1-0

[Event "Early-Titled-Tuesday-Blitz-February-27-2024"]
[Site "Chess.com"]
[Date "2024.02.27"]
[Round "3"]
[White "Sjakkerntobi"]
[Black "HamedWafa4"]
[Result "0-1"]
[WhiteElo "2482"]
[BlackElo "2706"]
[TimeControl "180+1"]
[EndTime "8:23:47 PST"]
[Termination "HamedWafa4 won by resignation"]

1. e4 c5 2. Nf3 Nc6 3. c3 Nf6 4. e5 Nd5 5. d4 cxd4 6. cxd4 d6 7. a3 Nb6 8. Bd3 Bg4 9. h3 Bxf3 10. Qxf3 dxe5 11.
dxe5 Nxe5 12. Bb5+ Ned7 13. O-O a6 14. Be2 e6 15.
Qxb7 Be7 16. Nc3 O-O 17. Bf3 Nc5 18. Qc6 Rc8 0-1

[Event "Early-Titled-Tuesday-Blitz-February-27-2024"]
[Site "Chess.com"]
[Date "2024.02.27"]
[Round "3"]
[White "davigator"]
[Black "SlavenPastar"]
[Result "0-1"]
[WhiteElo "2405"]
[BlackElo "2605"]
[TimeControl "180+1"]
[EndTime "8:23:59 PST"]
[Termination "SlavenPastar won by resignation"]

1. e4 b6 2. d4 Bb7 3. Nc3 e6 4. a3 d6 5. Nf3 Nd7 6. Be3 g6 7. Qd2 Bg7 8. O-O-O Ngf6 9. Bh6 Bxh6 10. Qxh6 Nxe4 11.
Nxe4 Bxe4 12. Ng5 Bb7 13. Nxh7 Qe7 14. Bb5 c6 15. Bd3 O-O-O 16. h4 Nf6 17. Qg5 Rxh7 18. g4 Nd5 0-1

[Event "Early-Titled-Tuesday-Blitz-February-27-2024"]
[Site "Chess.com"]
[Date "2024.02.27"]
[Round "3"]
[White "Grandmaster1369"]
[Black "mertfelin"]
[Result "1-0"]
[WhiteElo "2776"]
[BlackElo "2311"]
[TimeControl "180+1"]
[EndTime "8:24:01 PST"]
[Termination "Grandmaster1369 won by resignation"]

1. e4 e5 2. Bc4 Nf6 3. Nc3 Nc6 4. d3 Bc5 5. f4 exf4 6. Bxf4 d5 7. Nxd5 Nxd5 8.
Bxd5 O-O 9. Nf3 Ne7 10. Bb3 Ng6 11. Bg3 Be6 12. Qd2 a5 13. d4 Be7 14. O-O a4 15. Bxe6 fxe6 16. Qe2 c6 17. Qc4 Qd7 18. c3 b5 19. Qe2 a3 20. b3 Rad8 21. Rad1 Qb7 22.
Kh1 Qa7 23. Ne5 Nxe5 24. Bxe5 c5 25. Qg4 1-0

[Event "Early-Titled-Tuesday-Blitz-February-27-2024"]
[Site "Chess.com"]
[Date "2024.02.27"]
[Round "3"]
[White "Ati1517"]
[Black "ikhasu"]
[Result "0-1"]
[WhiteElo "2245"]
[BlackElo "2461"]
[TimeControl "180+1"]
[EndTime "8:24:04 PST"]
[Termination "ikhasu won by resignation"]

1. e4 e5 2. Nf3 Nc6 3. d4 exd4 4. Bc4 Nf6 5. O-O Nxe4 6. Re1 d5 7. Bxd5 Qxd5 8. Nc3 Qh5 9. Rxe4+ Be6 10. Nxd4 Qxd1+ 11. Nxd1 O-O-O 12. Be3 Bd5 13. Nxc6 Bxc6 14. Rd4 Bd6 15.
Nc3 Rhe8 16. Rad1 h6 17. a3 f5 18. g3 g5 19. R1d2 f4 20. gxf4 gxf4 0-1

[Event "Early-Titled-Tuesday-Blitz-February-27-2024"]
[Site "Chess.com"]
[Date "2024.02.27"]
[Round "3"]
[White "Smile2005"]
[Black "ArmanGhevondyanchess"]
[Result "1-0"]
[WhiteElo "2398"]
[BlackElo "2571"]
[TimeControl "180+1"]
[EndTime "8:24:07 PST"]
[Termination "Smile2005 won by resignation"]

1. e4 e5 2. Nf3 Nc6 3. d4 exd4 4. Bc4 Be7 5. c3 dxc3 6. Qd5 Nh6 7. Bxh6 O-O 8. Bc1 c2 9. Nc3 d6 10. Qd2 Bg4 11. Qxc2 Bf6 12. Nd5 Bxf3 13. gxf3 Bh4 14. Qc3 Ne5 15. Bf4 c6 16. Bxe5 cxd5 17. Bxg7 dxc4 18.
Rg1 Bg5 19. Bf6 1-0

[Event "Early-Titled-Tuesday-Blitz-February-27-2024"]
[Site "Chess.com"]
[Date "2024.02.27"]
[Round "3"]
[White "DAVIDHDZSTS"]
[Black "pr1105"]
[Result "0-1"]
[WhiteElo "1936"]
[BlackElo "2320"]
[TimeControl "180+1"]
[EndTime "8:24:11 PST"]
[Termination "pr1105 won by resignation"]

1. d4 Nf6 2. Nc3 d5 3. Bf4 c5 4. e4 Nxe4 5. Nxe4 dxe4 6. dxc5 Qxd1+ 7. Rxd1 Nc6 8. c3 e5 9. Be3 f5 10. f3 f4 11. Bf2 e3 12. Bxe3 fxe3 13. Bb5 Bxc5 14.
Bxc6+ bxc6 15. Ne2 Be6 16. b4 Bb6 17. a4 a5 18. O-O axb4 19. cxb4 Rxa4 20. Nc3 e2+ 21. Kh1 exf1=Q+ 22. Rxf1 0-1

[Event "Early-Titled-Tuesday-Blitz-February-27-2024"]
[Site "Chess.com"]
[Date "2024.02.27"]
[Round "3"]
[White "publicaccountcze"]
[Black "lagunanivaria"]
[Result "0-1"]
[WhiteElo "2241"]
[BlackElo "2450"]
[TimeControl "180+1"]
[EndTime "8:24:14 PST"]
[Termination "lagunanivaria won by resignation"]

1. e4 e5 2. Nf3 Nc6 3. Bb5 a6 4. Ba4 Nf6 5. O-O b5 6. Bb3 Bc5 7. c3 d6 8. d4 Bb6 9. dxe5 Nxe5 10. Nxe5 dxe5 11. Qxd8+ Kxd8 12. Bg5 Ke7 13. Nd2 h6 14. Bh4 g5 15. Bg3 Nd7 16. c4 f6 17. a4 b4 18.
Bc2 Nc5 19. Nb3 Nxb3 20. Bxb3 Be6 21. Rac1 Bc5 22. Bc2 Rad8 23. b3 Rd2 24. Rfd1 Rhd8 25. Kf1 h5 26. f3 h4 27. Be1 Rxc2 28. Rxd8 Rxc1 0-1

[Event "Early-Titled-Tuesday-Blitz-February-27-2024"]
[Site "Chess.com"]
[Date "2024.02.27"]
[Round "3"]
[White "Msb2"]
[Black "ChessSkool"]
[Result "1/2-1/2"]
[WhiteElo "3020"]
[BlackElo "2740"]
[TimeControl "180+1"]
[EndTime "8:24:16 PST"]
[Termination "Game drawn by repetition"]

1. d4 d5 2. c4 e6 3. Nc3 Nf6 4.
cxd5 exd5 5. Bg5 c6 6. e3 Bf5 7.
Nge2 h6 8. Bf4 Bd6 9. Ng3 Be6 10. Bxd6 Qxd6 11. Bd3 Nbd7 12. O-O O-O 13. Qd2 Rfe8 14.
f3 c5 15. Nb5 Qb6 16. dxc5 Nxc5 17. Nd4 Nxd3 18. Qxd3 Nd7 19. b3 Ne5 20. Qb5 Nc6 21. Qxb6 axb6 22. Nge2 Ra3 23. Nb5 Ra5 24. a4 Bd7 25. Kf2 Nb4 26. Ned4 Bxb5 27. axb5 Nd3+ 28. Ke2 Nf4+ 29. Kf2 Nd3+ 30. Ke2 Nf4+ 31. Kf2 Nd3+ 1/2-1/2

[Event "Early-Titled-Tuesday-Blitz-February-27-2024"]
[Site "Chess.com"]
[Date "2024.02.27"]
[Round "3"]
[White "chess_blitz00"]
[Black "Alexander_Donchenko"]
[Result "0-1"]
[WhiteElo "2521"]
[BlackElo "2895"]
[TimeControl "180+1"]
[EndTime "8:24:16 PST"]
[Termination "Alexander_Donchenko won by resignation"]

1. d4 Nf6 2. Nf3 g6 3. g3 b6 4.
Bg2 Bb7 5. O-O Bg7 6. Re1 O-O 7. c4 e6 8. Nc3 Ne4 9. Nxe4 Bxe4 10. Ne5 Bxg2 11.
Kxg2 c5 12. Be3 Qc7 13. Qd2 cxd4 14. Bxd4 Bxe5 15. Be3 Qxc4 16. f3 Nc6 17. Rad1 d5 18. Rc1 Qb5 19. b3 Rfc8 20. a3 Qxb3 21. Rb1 Qxa3 22.
Rec1 Na5 23. Rxc8+ Rxc8 24. h4 Nc4 0-1

[Event "Early-Titled-Tuesday-Blitz-February-27-2024"]
[Site "Chess.com"]
[Date "2024.02.27"]
[Round "3"]
[White "ClauSanLuis"]
[Black "SharapovEvgeny"]
[Result "0-1"]
[WhiteElo "2255"]
[BlackElo "2528"]
[TimeControl "180+1"]
[EndTime "8:24:19 PST"]
[Termination "SharapovEvgeny won by resignation"]

1. d4 Nf6 2. Bg5 c5 3. Bxf6 gxf6 4. d5 Qb6 5. Qc1 f5 6. e3 d6 7. Ne2 Bg7 8. c3 Nd7 9. Nf4 Nf6 10. g3 O-O 11. Bg2 e5 12. dxe6 fxe6 13. O-O e5 14.
Nd5 Nxd5 15. Bxd5+ Kh8 16. Nd2 Qc7 17. f4 Rb8 18. a4 Bd7 19. Qd1 Bc6 20. Nc4 Rbd8 21.
a5 Bb5 22. Rf2 exf4 23. exf4 Bxc4 24. Bxc4 d5 25. Bf1 d4 26. cxd4 Bxd4 27. Qf3 Bxf2+ 28. Qxf2 Qd6 29. Re1 Qd4 30. Re3 Rfe8 0-1

[Event "Early-Titled-Tuesday-Blitz-February-27-2024"]
[Site "Chess.com"]
[Date "2024.02.27"]
[Round "3"]
[White "Fernando_Offermann"]
[Black "LikeWater"]
[Result "0-1"]
[WhiteElo "2486"]
[BlackElo "2721"]
[TimeControl "180+1"]
[EndTime "8:24:21 PST"]
[Termination "LikeWater won by resignation"]

1. Nf3 d5 2. g3 c6 3. Bg2 Bf5 4. O-O e6 5. d3 Nd7 6. c4 h6 7. Be3 Ngf6 8. Qb3 Qc8 9. Nc3 Bd6 10. cxd5 exd5 11. Rac1 O-O 12. Nh4 Be6 13. Qd1 Qd8 14. a3 Ng4 15. Bd2 Nxh2 16. Re1 Ng4 17. e4 Qb6 18. Re2 Bxg3 19. Na4 Bxf2+ 20. Kh1 Qc7 21.
Nf3 Qg3 0-1